 Dungeon Crawl Stone Soup version 0.29.1-2-gbd0b4ee654 (webtiles) character file.

Game seed: 12195455943671061761

81 croobank the Caller (level 4, -1/32 HPs)
             Began as a Demonspawn Summoner on Nov 3, 2022.
             Slain by an adder (3 damage)
             ... on level 3 of the Dungeon.
             The game lasted 00:06:40 (2321 turns).

croobank the Caller (Demonspawn Summoner)           Turns: 2321, Time: 00:06:41

Health: -1/32      AC:  2    Str:  8    XL:     4   Next: 19%
Magic:  2/7        EV: 12    Int: 19    God:
Gold:   106        SH:  4    Dex: 13    Spells: 2/8 levels left

rFire   . . .      SeeInvis .   h - +0 short sword (speed)
rCold   . . .      Faith    .   (no shield)
rNeg    . . .      Spirit   .   a - +0 robe
rPois   .          Reflect  .   (no helmet)
rElec   .          Harm     .   (no cloak)
rCorr   .          Rampage  .   (no gloves)
Will    .....                   (no boots)
Stlth   ++........              (no amulet)
HPRegen 0.10/turn               o - ring of flight
MPRegen 0.10/turn               (no ring)

@: lethally poisoned (-1 -> -4), flying
A: powered by pain 1, condensation shield, hooves 1, inability to read after
injury 1, MP-powered wands
a: no special abilities


You were on level 3 of the Dungeon.
You visited 1 branch of the dungeon, and saw 3 of its levels.

You collected 106 gold pieces.

Inventory:

Hand Weapons
 f - a +0 dagger
 h - a +0 short sword of speed (weapon)
 l - a +2 dagger of speed
Missiles
 d - 2 poisoned darts
 e - 10 stones
Armour
 a - a +0 robe (worn)
 n - a +0 ring mail
Jewellery
 o - a ring of flight (left hand)
Wands
 p - a wand of iceblast (2)
 s - a wand of digging (2)
Scrolls
 c - a scroll of blinking {unknown}
 g - a scroll of silence {unknown}
 i - 2 scrolls of magic mapping {unknown}
 q - a scroll of poison {unknown}
 r - a scroll of identify {unknown}
 t - a scroll of noise {unknown}
Potions
 b - a potion of magic
 j - a potion of curing {unknown}
 k - a potion of mutation
 m - a potion of haste {unknown}


   Skills:
 + Level 1.2 Fighting
 + Level 1.0 Short Blades
 + Level 2.4 Dodging
 - Level 2.0 Stealth
 + Level 2.6 Spellcasting
 + Level 4.4 Summonings


You had 2 spell levels left.
You knew the following spells:

 Your Spells              Type           Power      Damage    Failure   Level
a - Summon Small Mammal   Summ           76%        N/A       2%          1
b - Call Imp              Summ           19%        N/A       3%          2
c - Call Canine Familiar  Summ           19%        N/A       8%          3

Your spell library contained the following spells:

 Spells                   Type           Power      Damage    Failure   Level
 Summon Guardian Golem    Hex/Summ       10%        N/A       19%         3
 Summon Lightning Spire   Summ/Air       10%        N/A       54%         4


Dungeon Overview and Level Annotations

Branches:
Dungeon (3/15)

Altars:

Annotations:
D:2 1 runed translucent door, Crazy Yiuf
D:3 2 transporters


Innate Abilities, Weirdness & Mutations

You sometimes gain a little power by taking damage.
A meltable shield of frost defends you. (SH +4)
You have large cloven feet.
You occasionally lose the ability to read scrolls when taking damage.
You expend magic power (3 MP) to strengthen your wands.


Message History

Your hound resists with significant effort.
Your hound barely misses something.
Something hits your hound.
Your hound bites something.
Your hound misses something. Something hits your hound.
Your hound barely misses something.
Something closely misses your hound.
Your hound closely misses something.
Your hound barely misses something.
A magic dart appears from out of thin air!
The magic dart hits your hound.
Your hound bites something.
Reactivating autopickup.
You feel a bit more experienced.
Your hound closely misses the orc.
Your Short Blades skill increases to level 1!
You have reached level 4!
You feel clever.
Your demonic ancestry asserts itself...
You feel energised by your suffering.
Your hound bites the orc.
The orc hits your hound with a +0 short sword.
An adder comes into view.
Found a runed falchion.
The adder hisses angrily.
The orc hits your hound with a +0 short sword.
Your hound dies!
Your hound's corpse disappears in a puff of smoke!
Your icy envelope is restored.
The adder bites you.
* * * LOW HITPOINT WARNING * * *
The adder bites you.
* * * LOW HITPOINT WARNING * * *
You are lethally poisoned!
The adder poisons you!
You hit the adder. You kick the adder.
The adder is moderately wounded.
* * * LOW HITPOINT WARNING * * *
You feel sick. You block the adder's attack.
Casting: Call Canine Familiar (quite dangerous; 8% risk of failure)
Confirm with . or Enter, or press ? or * to list all spells.
* * * LOW HITPOINT WARNING * * *
You feel sick. The adder bites you.
You die...

#.# #.#####...# ##.#
#.....S...#
...######o#####..)#
.........†o# #
.†.........#
#########.S#
.....©#..#
......#..###########
.###..#...o.oS@h...#
#..#..#########.#
....$#..# #.# .
....$#©.#########.#
.......$#......<..##.#
.#8#..#..#)#.##>##.# #
#..#....#.##.##.#
...#............#
....#......##.####


You could see an adder (ally target), 2 orcs and a friendly hound (summoned).

Vanquished Creatures
  2 hobgoblins
  A quokka (D:1)
  3 frilled lizards (D:2)
  3 goblins (D:2)
  2 rats
11 creatures vanquished.

Vanquished Creatures (collateral kills)
  An orc wizard (D:3)
  An adder (D:2)
  An orc (D:3)
  2 ball pythons
  4 endoplasms
  2 giant cockroaches (D:1)
  3 goblins
  6 hobgoblins
  2 kobolds
  2 quokkas (D:2)
  2 bats
  3 frilled lizards (D:2)
  2 rats (D:2)
31 creatures vanquished.

Grand Total: 42 creatures vanquished

Notes
Turn   | Place    | Note
-------+----------+-------------------------------------------
     0 | D:1      | croobank the Demonspawn Summoner began the quest for the
                  | Orb.
     0 | D:1      | Reached XP level 1. HP: 13/13 MP: 3/3
   535 | D:1      | Gained mutation: A meltable shield of frost defends you.
                  | (SH +4) [demonic ancestry]
   535 | D:1      | Reached XP level 2. HP: 19/19 MP: 1/5
   538 | D:1      | Learned a level 2 spell: Call Imp
  1502 | D:2      | Reached XP level 3. HP: 20/25 MP: 1/6
  1594 | D:2      | Learned a level 3 spell: Call Canine Familiar
  1927 | D:2      | Found a runed translucent door.
  1928 | D:2      | Noticed Crazy Yiuf
  2157 | D:3      | Found a transporter.
  2172 | D:3      | Reached skill level 1 in Fighting
  2241 | D:3      | Found a transporter.
  2286 | D:3      | Gained mutation: You occasionally lose the ability to read
                  | scrolls when taking damage. [potion of mutation]
  2286 | D:3      | Gained mutation: Your spells are a little easier to cast,
                  | but a little less powerful. [potion of mutation]
  2286 | D:3      | Gained mutation: You have supernaturally acute eyesight.
                  | (SInv) [potion of mutation]
  2287 | D:3      | Lost mutation: You have supernaturally acute eyesight.
                  | (SInv) [potion of mutation]
  2287 | D:3      | Lost mutation: Your spells are a little easier to cast, but
                  | a little less powerful. [potion of mutation]
  2287 | D:3      | Gained mutation: You have large cloven feet. [potion of
                  | mutation]
  2287 | D:3      | Gained mutation: You expend magic power (3 MP) to
                  | strengthen your wands. [potion of mutation]
  2301 | D:3      | Reached skill level 1 in Short Blades
  2301 | D:3      | Gained mutation: You sometimes gain a little power by
                  | taking damage. [demonic ancestry]
  2301 | D:3      | Reached XP level 4. HP: 8/32 MP: 3/7
  2321 | D:3      | Slain by an adder

Illustrated notes

Levels and vault maps discovered:
D:1:      spicycebolla_arrival_ecumenical, layout_basic
D:2:      layout_rooms, minmay_lizard_pond, uniq_crazy_yiuf_cottage
D:3:      layout_loops_ring, gammafunk_ghost_mausoleum,
          minmay_misc_feat_pillars, minmay_misc_feat_roman, uniq_grinder,
          uniq_ijyb

Skill      XL: |  1  2  3 |
---------------+----------+-----
Stealth        | 2 |  2.0
Dodging        | 2 |  2.4
Fighting       | 1 |  1.2
Short Blades   | 1 |  1.0
Spellcasting   | |  2.6
Summonings     | |  4.4

Action                   |  1- 3 |  4- 6 || total
-------------------------+-------+-------++-------
Melee: Unarmed           |    16 |       ||    16
       Dagger            |     3 |       ||     3
       Short sword       |    30 |     1 ||    31
       Punch             |     2 |       ||     2
       Kick              |     1 |     1 ||     2
 Cast: Summon Small Mamm |    43 |       ||    43
       Call Imp          |    10 |       ||    10
       Call Canine Famil |     2 |     1 ||     3
  Use: Potion            |     2 |       ||     2
 Stab: Sleeping          |     1 |       ||     1
       Distracted        |     1 |       ||     1
Armor: Robe              |     3 |       ||     3
Dodge: Dodged            |    36 |       ||    36
Block: Other             |     3 |     1 ||     4
